 Dungeon Crawl Stone Soup version 0.29-a0-330-g52719c12eb (webtiles) character file.

Game seed: 1543174286711856900

923 magipi the Spear-Bearer (level 7, -2/63 HPs)
             Began as a Minotaur Cinder Acolyte on May 27, 2022.
             Was a Priest of Ignis.
             Slain by a hornet (7 damage)
             ... on level 5 of the Dungeon.
             The game lasted 00:11:43 (4853 turns).

magipi the Spear-Bearer (Minotaur Cinder Acolyte)   Turns: 4853, Time: 00:11:44

Health: -2/63      AC: 10    Str: 18    XL:     7   Next: 84%
Magic:  7/7        EV:  8    Int: 11    God:    Ignis [***...]
Gold:   335        SH:  0    Dex:  8    Spells: 8/8 levels left

rFire   + . .      SeeInvis .   a - +0 spear (flame)
rCold   + . .      Faith    .   (no shield)
rNeg    + . .      Spirit   .   s - +1 chain mail
rPois   .          Reflect  .   (helmet restricted)
rElec   .          Harm     .   (no cloak)
rCorr   .          Rampage  .   (no gloves)
Will    .....                   (no boots)
Stlth   ..........              v - amulet of magic regeneration
HPRegen 0.20/turn               c - ring of protection from cold
MPRegen 0.50/turn               n - ring of positive energy

@: lethally poisoned (-2 -> -4), slowed, very slow
A: horns 2, retaliatory headbutt
a: Renounce Religion, Fiery Armour, Foxfire Swarm, Rising Flame


You were on level 5 of the Dungeon.
You worshipped Ignis.
Ignis was most pleased with you.
You visited 1 branch of the dungeon, and saw 5 of its levels.
You also visited: Sewer.

You collected 335 gold pieces.

Inventory:

Hand Weapons
 a - a +0 spear of flaming (weapon)
 A - a +0 trident
   (You found it on level 4 of the Dungeon)
Missiles
 g - 141 stones (quivered)
Armour
 r - a +2 leather armour of fire resistance
   (You took it off Ijyb on level 3 of the Dungeon)
 s - a +1 chain mail (worn)
   (You found it on level 2 of the Dungeon)
Jewellery
 c - a ring of protection from cold (left hand)
   (You found it on level 1 of the Dungeon)
 n - a ring of positive energy (right hand)
   (You found it on level 2 of the Dungeon)
 v - an amulet of magic regeneration (around neck)
   (You found it on level 2 of the Dungeon)
Wands
 f - a wand of flame (21)
   (You took it off Ijyb on level 3 of the Dungeon)
 u - a wand of polymorph (5)
   (You took it off Natasha on level 3 of the Dungeon)
Scrolls
 e - 3 scrolls of fear
 p - a scroll of acquirement {unknown}
 t - a scroll of vulnerability {unknown}
 w - 3 scrolls of amnesia {unknown}
 y - a scroll of blinking
 z - a scroll of immolation {unknown}
Potions
 b - 2 potions of mutation
 d - 3 potions of might
 h - 3 potions of haste {unknown}
 i - 3 potions of heal wounds {unknown}
 j - a potion of magic
 k - 2 potions of cancellation
 l - a potion of invisibility {unknown}
 m - 2 potions of resistance {unknown}
 o - a potion of experience {unknown}
 q - 5 potions of curing
 x - a potion of lignification {unknown}


   Skills:
 + Level 6.0 Fighting
 * Level 8.0 Polearms
 + Level 4.2 Armour
 + Level 3.9 Dodging
 - Level 1.0 Spellcasting
 - Level 2.1 Fire Magic


You had 8 spell levels left.
You didn't know any spells.
Your spell library contained the following spells:

 Spells                   Type           Power      Damage    Failure   Level
 Scorch                   Fire           10%        2d6       94%         2
 Beastly Appendage        Tmut           0%         N/A       98%         1
 Wereblood                Tmut           0%         N/A       99%         2
 Gell's Gravitas          Tloc           0%         N/A       100%        3
 Lesser Beckoning         Tloc           0%         N/A       100%        3
 Spider Form              Tmut/Pois      0%         N/A       100%        3
 Teleport Other           Tloc           0%         N/A       100%        3
 Summon Forest            Summ/Tloc      0%         N/A       100%        5
 Summon Mana Viper        Hex/Summ       0%         N/A       100%        5
 Summon Cactus Giant      Summ           0%         N/A       100%        6


Dungeon Overview and Level Annotations

Branches:
Dungeon (5/15)             Temple (0/1) D:4           Sewer (visited)

Altars:
Nemelex Xobeh
Ru


Innate Abilities, Weirdness & Mutations

You have a pair of horns on your head.
You reflexively headbutt those who attack you in melee.


Message History

Things that are here:
a +0 giant club; an ogre corpse
b - 2 potions of mutation (gained 1)
An ufetubus comes into view.
The ufetubus shouts!
You hear an angry buzzing noise.
You miss the ufetubus. You headbutt the ufetubus.
You kill the ufetubus!
No target in view!
Unknown command.
No target in view!
Unknown command.
A hornet comes into view.
You see here 14 gold pieces.
The hornet buzzes angrily.
Aiming: Polymorph
Press: ? - help, Shift-Dir - straight line, f - hornet
Aim: a hornet (will become a harpy, a killer bee, or a golden eye, chance to affect: 39%)
Okay, then.
Unknown command.
Unknown command.
The hornet attacks as you move away!
The hornet stings you but does no damage.
Found 14 gold pieces.
The hornet attacks as you move away! The hornet stings you.
You suddenly lose the ability to move!
The hornet stings you but does no damage.
The hornet stings you.
You shrug off the repeated paralysis!
You can move again.
The hornet stings you.
You feel yourself slow down. The hornet closely misses you.
Activating: Foxfire Swarm
Press: ? - help, Dir - look around, f - activate Flames leap up around you!
The hornet stings you.
You feel as though you will be slow longer.
The hornet stings you.
You feel as though you will be slow longer.
The hornet closely misses you.
Your foxfire dissipates!
The hornet attacks as you move away! The hornet stings you!
You are poisoned.
You feel as though you will be slow longer.
You feel very sick.
The foxfire hits the hornet but does no damage.
The foxfire hits the hornet.
The hornet is lightly wounded.
The foxfire hits the hornet.
The hornet is lightly wounded.
The foxfire hits the hornet.
The hornet is lightly wounded.
The foxfire hits the hornet.
The hornet is moderately wounded.
The foxfire hits the hornet.
The hornet is moderately wounded.
The foxfire hits the hornet.
The hornet is moderately wounded.
The foxfire hits the hornet.
The hornet is heavily wounded.
The foxfire hits the hornet but does no damage.
The hornet is heavily wounded.
The foxfire hits the hornet.
The hornet is heavily wounded.
The hornet barely misses you.
Unknown command.
Activating: Foxfire Swarm
Press: ? - help, Dir - look around, f - activate Flames leap up around you!
You feel very sick. The hornet closely misses you.
The hornet barely misses you.
Unknown command.
Your foxfire dissipates!
You feel sick.
The foxfire hits the hornet but does no damage.
The hornet is heavily wounded.
The foxfire hits the hornet but does no damage.
The hornet is heavily wounded.
The foxfire hits the hornet.
The hornet is heavily wounded.
The foxfire hits the hornet.
The hornet is severely wounded.
The foxfire hits the hornet.
The hornet is severely wounded.
The foxfire hits the hornet but does no damage.
The hornet is severely wounded.
The foxfire hits the hornet but does no damage.
The hornet is severely wounded.
The foxfire hits the hornet.
The hornet is almost dead.
The foxfire hits the hornet.
The hornet is almost dead.
The hornet stings you.
* * * LOW HITPOINT WARNING * * *
You feel as though you will be slow longer.
Unknown command.
Unknown command.
Activating: Foxfire Swarm
Press: ? - help, Dir - look around, f - activate Flames leap up around you!
You feel sick.
The hornet stings you but does no damage. x2
The hornet stings you!
You die...

#... ###.#####.#
.......$..# ###.......#
##..###.#
#..###.###########
#vvv##....).......
..######vv##.####.######
.....vv@yv...# #.# ####
#.#####v#v##.# #.# #...
#v#v##.# #.# #.##
#ยง#.##.# ##.# #.#
#.#.##.. ..# #.#
#.#.#### #.# #.# #.#.#
#.###.## ....# #.......
#..##.##


You could see a hornet (ally target).

Vanquished Creatures
  2 ogres (D:5)
  A phantom (D:4)
  2 necrophages
  5 jellies (Sewer)
  2 hounds
  Ijyb (D:3)
  Natasha (thrice) (D:3)
  11 gnolls (D:4)
  3 adders
  A river rat (Sewer)
  A white imp (D:5)
  An ufetubus (D:5)
  2 worms
  2 dart slugs (D:1)
  9 orcs
  9 endoplasms
  5 giant cockroaches
  7 goblins
  7 hobgoblins
  3 jackals (D:1)
  2 quokkas (D:4)
  8 ball pythons
  A bat (D:1)
  5 frilled lizards
  5 kobolds
  13 rats
111 creatures vanquished.

Vanquished Creatures (others)
  19 foxfires (D:5)
  3 fungi (D:4)
22 creatures vanquished.

Grand Total: 133 creatures vanquished

Notes
Turn   | Place    | Note
-------+----------+-------------------------------------------
     0 | D:1      | magipi the Minotaur Cinder Acolyte began the quest for the
                  | Orb.
     0 | D:1      | Reached XP level 1. HP: 19/19 MP: 1/1
   185 | D:1      | Reached skill level 4 in Polearms
   472 | D:1      | Reached XP level 2. HP: 25/27 MP: 2/2
  1163 | D:2      | Reached XP level 3. HP: 26/33 MP: 3/3
  1275 | D:2      | Found a faded altar of an unknown god.
  1764 | D:3      | Reached skill level 1 in Armour
  1768 | D:3      | Reached skill level 5 in Polearms
  1772 | D:3      | Found a glowing drain.
  1790 | Sewer    | Entered a sewer
  1809 | Sewer    | Reached skill level 1 in Dodging
  1809 | Sewer    | Reached XP level 4. HP: 17/40 MP: 4/4
  2159 | Sewer    | Reached XP level 5. HP: 29/47 MP: 5/5
  2329 | Sewer    | Reached skill level 6 in Polearms
  2331 | Sewer    | Found a viscous altar of Jiyva.
  2648 | D:3      | Noticed Ijyb
  2674 | D:3      | Killed Ijyb
  2675 | D:3      | Reached XP level 6. HP: 54/55 MP: 6/6
  2700 | D:3      | Found a sacrificial altar of Ru.
  2827 | D:3      | Noticed Natasha
  2842 | D:3      | Killed Natasha
  2843 | D:3      | Reached skill level 5 in Fighting
  3089 | D:3      | Found a sparkling altar of Nemelex Xobeh.
  3154 | D:3      | Found a sacrificial altar of Ru.
  3184 | D:3      | Found a sparkling altar of Nemelex Xobeh.
  3280 | D:3      | Noticed Natasha
  3285 | D:3      | Killed Natasha
  3395 | D:3      | Noticed Natasha
  3403 | D:3      | Killed Natasha
  3717 | D:4      | Reached skill level 7 in Polearms
  3717 | D:4      | Reached XP level 7. HP: 42/61 MP: 7/7
  4063 | D:4      | Found a staircase to the Ecumenical Temple.
  4582 | D:5      | Entered Level 5 of the Dungeon
  4830 | D:5      | Reached skill level 8 in Polearms
  4839 | D:5      | Noticed a hornet
  4845 | D:5      | Paralysed by a hornet for 2 turns
  4853 | D:5      | Slain by a hornet

Illustrated notes

Levels and vault maps discovered:
D:1:      onia_arrival_mini_maze_b, layout_loops_ring, minmay_quantized
D:2:      layout_basic, hellmonk_ecumenical_altar_heavens_door,
          nicolae_figureground_sparkle
D:3:      layout_basic, lemuel_round_altar, nemelex_diamond_rough_becter,
          serial_glass, glass_columns_a, glass_columns_a, glass_columns_a,
          glass_columns_c, glass_columns_b, portal_sewer_entry_a, uniq_natasha,
          uniq_ijyb
D:4:      layout_rooms, minmay_temple_entry_antechambers, dreamdust_gnoll_farm
D:5:      layout_loops_ring, mainiacjoe_overflow_six_doors_small,
          chequers_serial_rivers_small_b, kennysheep_generic_room_13

Skill      XL: |  1  2  3  4  5  6  7 |
---------------+----------------------+-----
Polearms       | 4 5 6 7 8 |  8.0
Fighting       | 4 5 6 |  6.0
Armour         | 1 2 3 4 |  4.2
Dodging        | 1 2 3 |  3.9
Spellcasting   | |  1.0
Fire Magic     | |  2.1

Action                   |  1- 3 |  4- 6 |  7- 9 || total
-------------------------+-------+-------+-------++-------
Melee: Spear             |   110 |   131 |   107 ||   348
       Headbutt          |    11 |    15 |    11 ||    37
       Punch             |     1 |     3 |     1 ||     5
Throw: Stone             |       |     6 |     8 ||    14
Invok: Fiery Armour      |       |     1 |       ||     1
       Foxfire Swarm     |       |       |     3 ||     3
  Use: Scroll            |    14 |       |     1 ||    15
Armor: Ring mail         |    12 |       |       ||    12
       Chain mail        |    31 |    39 |    27 ||    97
Dodge: Dodged            |    32 |    30 |    32 ||    94

Table legend: (Time is in decaauts)
 A = Elapsed time spent in this place.
 B = Non-inter-level travel time spent in this place.
 C = Inter-level travel time spent in this place.
 D = Time resting spent in this place.
 E = Time spent auto-exploring this place.
 F = Levels seen in this place.
 G = Mean time per level.
                   A        B        C        D        E       F      G
               +--------+--------+--------+--------+--------+-----+--------+
         Total |   4812 |   4684 |    128 |   1030 |   2232 |   6 |  802.0 |
       Dungeon |   4132 |   4004 |    128 |    645 |   2197 |   5 |  826.4 |
         Sewer |    680 |    680 |      0 |    385 |     35 |   1 |  680.0 |
               +--------+--------+--------+--------+--------+-----+--------+

Top non-repeatable levels by time:
     D:3: 1360 daAuts
     D:2: 839 daAuts
     D:4: 835 daAuts
     D:1: 832 daAuts
   Sewer: 680 daAuts
     D:5: 265 daAuts
